Map: Automaton LE

Players

Smileblind

  • Race: Terran Terran
  • League: Silver
  • Spawn Location: 3:00

axnotizes - Winner!

  • Race: Terran Terran
  • League: Gold
  • Spawn Location: 9:00

VOD

Have the link to the VOD?

Description

Time

  • Played on: Jan. 16, 2019, 12:23 a.m.
  • Length: 8:57
Show
View Real Time Build Order
Export as new Build Order

Smileblind Terran 

Build Orders:  

Get SALT Encoding   

  12  0:03  SCV  
  13  0:16  Supply Depot  
  13  0:19  SCV  
  14  0:27  Refinery  
  14  0:31  SCV  
  15  0:48  Barracks  
  15  0:58  SCV  
  15  0:59  Supply Depot  
  16  1:10  SCV  
  17  1:22  SCV  
  18  1:34  SCV  
  19  1:40  Bunker  
  19  1:46  SCV  
  20  1:47  Factory  
  20  1:54  Refinery  
  20  1:58  SCV  
  22  2:10  Reaper  
  22  2:11  SCV  
  23  2:23  SCV  
  24  2:35  SCV  
  25  2:37  Factory  
  25  2:42  Marine  
  26  2:47  SCV, Factory Tech Lab  
  27  2:59  SCV  
  28  3:11  Marine  
  29  3:27  Supply Depot  
  29  3:28  Marine  
  29  3:33  Factory Tech Lab  
  30  3:46  Marine  
  31  3:48  Siege Tank  
  31  3:50  Command Center  
  33  4:04  Marine  
  34  4:20  Siege Tank  
  34  4:22  Marine  
  38  4:32  Supply Depot  
  37  4:39  Bunker  
  37  4:40  Marine  
  36  4:57  Siege Tank  
  39  5:01  Marine  
  40  5:19  Marine  
  41  5:29  Siege Tank  
  43  5:56  Bunker  
  43  6:01  Siege Tank  
  38  6:13  SCV  
  38  6:17  Marine  
  38  6:25  SCV  
  38  6:33  Siege Tank  
  38  6:35  Marine  
  38  6:37  SCV  
  39  6:49  SCV  
  39  6:53  Marine  
  37  6:55  Siege Tank  
  39  7:02  SCV  
  37  7:11  Marine  
  34  7:34  Supply Depot  
  22  8:04  Supply Depot  
  22  8:16  Supply Depot  
  22  8:19  Siege Tank  
  14  8:40  Barracks  
Show
View Real Time Build Order
Export as new Build Order

axnotizes Terran - Winner!

Build Orders:  

Get SALT Encoding   

  12  0:01  SCV  
  13  0:13  SCV  
  14  0:19  Supply Depot  
  14  0:27  SCV  
  15  0:43  Barracks  
  15  0:44  SCV  
  16  0:56  SCV  
  17  1:04  Barracks  
  17  1:09  SCV  
  18  1:19  Barracks  
  18  1:21  SCV  
  19  1:32  Refinery  
  19  1:33  SCV  
  20  1:40  Supply Depot  
  20  1:43  Marine  
  20  1:45  SCV  
  22  1:57  Barracks  
  22  2:00  Marine  
  23  2:05  SCV  
  24  2:14  Marine  
  25  2:17  Marine  
  25  2:21  Supply Depot  
  26  2:26  Orbital Command  
  26  2:34  Marine x2  
  28  2:44  Marine  
  28  2:50  Supply Depot  
  29  2:51  Marine  
  29  2:52  Marine  
  31  3:02  Factory  
  30  3:08  Marine  
  30  3:12  SCV  
  32  3:19  Marine  
  32  3:20  Marine  
  32  3:23  Marine  
  32  3:24  SCV  
  36  3:37  Marine  
  36  3:38  SCV, Marine  
  36  3:40  Marine  
  40  3:42  Marine  
  41  3:55  Marine x2  
  39  3:58  Marine  
  34  4:13  Marine x2  
  34  4:15  SCV, Refinery  
  38  4:17  Factory Tech Lab  
  38  4:31  Marine x2  
  38  4:48  Marine  
  38  4:49  Marine  
  40  4:55  Siege Tank  
  43  5:06  Marine  
  43  5:07  Supply Depot, Marine  
  45  5:14  Factory  
  45  5:19  SCV  
  46  5:24  Marine  
  47  5:29  Siege Tank, Marine  
  51  5:42  Marine  
  39  6:58  Marine  
  39  6:59  Marine  
  36  7:16  Marine x2  
  38  7:26  Orbital Command  
  28  7:34  Marine x2  
  23  7:52  Marine x2  
  23  7:53  Factory Tech Lab  
  23  7:55  Siege Tank  
  28  8:10  Marine x2  
  30  8:27  Marine  
  30  8:28  Marine  
  32  8:53  Barracks Tech Lab  
Tags
 
Matchup
TvT
Race
Terran
Spawn Locations
Cross Positions
Add a new tag
Caveats
  • Supply blocks, unpowered buildings, or Contaminate may cause inaccurate times.
  • Supply counts are checked every 10 seconds.